 Dungeon Crawl Stone Soup version 0.20-a0-830-g2c9a30d (webtiles) character file.

53 Duffy the Skirmisher (level 3, -8/29 HPs)
             Began as a Mummy Fighter on Mar 7, 2017.
             Mangled by Crazy Yiuf
             ... wielding a +2 quarterstaff of chaos
              (9 damage)
             ... on level 2 of the Dungeon.
             The game lasted 00:01:37 (1576 turns).

Duffy the Skirmisher (Mummy Fighter)                Turns: 1576, Time: 00:01:37

Health: -8/29      AC:  9    Str: 20    XL:     3   Next: 64%
Magic:  3/3        EV:  5    Int:  7    God:
Gold:   59         SH:  9    Dex: 11    Spells: 2/2 levels left

rFire    x . .     SeeInvis .   a - +0 war axe
rCold    + . .     Gourm    .   g - +0 chain mail
rNeg     + + +     Faith    .   c - +0 shield
rPois    ∞         Spirit   .   j - +0 helmet
rElec    .         Reflect  .   f - scarf {repulsion}
rCorr    .         Harm     .   (no gloves)
MR       .....                  (no boots)
Stlth    ..........             (no amulet)
Regen    0.1/turn               (no ring)
MPRegen  0.1/turn               (no ring)

@: repel missiles
A: no food or potions, fire vulnerability, cold resistance 1, negative energy
resistance 3, torment resistance, unbreathing
a: no special abilities


You were on level 2 of the Dungeon.
You were not hungry.

You visited 1 branch of the dungeon, and saw 2 of its levels.

You collected 59 gold pieces.

Inventory:

Hand Weapons
 a - a +0 war axe (weapon)
Armour
 c - a +0 shield (worn)
 f - a scarf of repulsion (worn)
 g - a +0 chain mail (worn)
 j - a +0 helmet (worn)
Wands
 h - a wand of digging (10/24)
Scrolls
 b - a scroll of teleportation {unknown}
 d - a scroll of remove curse {unknown}
 e - 2 scrolls of recharging {unknown}
 i - a scroll of magic mapping {unknown}


   Skills:
 - Level 3.0 Fighting
 + Level 2.7 Axes
 - Level 2.4 Armour
 + Level 3.0 Shields


You had 2 spell levels left.
You didn't know any spells.

Dungeon Overview and Level Annotations

Branches:
Dungeon (2/15)

Altars:

Annotations:
D:2 Crazy Yiuf


Innate Abilities, Weirdness & Mutations

You do not eat or drink.
Your flesh is vulnerable to fire.
You are immune to poison.
Your flesh is cold resistant. (rC+)
You are immune to negative energy. (rN+++)
You are immune to unholy pain and torment.
You can survive without breathing.


Message History

There is an open door here.
You hit Crazy Yiuf.
Crazy Yiuf is lightly wounded.
Crazy Yiuf hits you but does no damage.
You are electrocuted!
Crazy Yiuf hits you with a quarterstaff of chaos.
Your shield prevents you from hitting Crazy Yiuf.
Crazy Yiuf is lightly wounded.
Crazy Yiuf hits you with a quarterstaff of chaos.
Crazy Yiuf burns you.
Your shield and chain mail prevent you from hitting Crazy Yiuf.
Crazy Yiuf is lightly wounded.
Crazy Yiuf hits you with a quarterstaff of chaos!
Crazy Yiuf burns you.
Your chain mail prevents you from hitting Crazy Yiuf.
Crazy Yiuf is lightly wounded.
Crazy Yiuf hits you but does no damage.
You slash Crazy Yiuf!
Crazy Yiuf is severely wounded.
Crazy Yiuf hits you with a quarterstaff of chaos!
You die...

#.........#
#.########
######+#'##
#....# #...#
#.##.# #####
####.# #.# #.#
#### 7###.#
#)..#77 777....#
#..g@.7777......#
#...#7..7....))##
#### 777.7.P..##
77777###


You could see Crazy Yiuf.

Vanquished Creatures
  Robin (D:2)
  An adder (D:2)
  4 bats (D:1)
  6 hobgoblins
  A quokka (D:2)
  2 frilled lizards (D:1)
  12 goblins
  2 kobolds
  4 fungi (D:2)
33 creatures vanquished.

Notes
Turn   | Place    | Note
-------+----------+-------------------------------------------
     0 | D:1      | Duffy the Mummy Fighter began the quest for the Orb.
     0 | D:1      | Reached XP level 1. HP: 18/18 MP: 1/1
   786 | D:1      | Reached XP level 2. HP: 24/24 MP: 2/2
  1132 | D:2      | Noticed Robin
  1138 | D:2      | Reached XP level 3. HP: 29/29 MP: 3/3
  1425 | D:2      | Killed Robin
  1566 | D:2      | Found a runed door.
  1570 | D:2      | Noticed Crazy Yiuf
  1574 | D:2      | HP: 1/29 [Crazy Yiuf/quarterstaff of chaos (1)]
  1576 | D:2      | Mangled by Crazy Yiuf

Vault maps used:
D:1:      tarquinn_simple_flora_water_d
D:2:      lemuel_round_altar, first_bread, minmay_cut_off,
          uniq_crazy_yiuf_cottage, uniq_robin

Skill      XL: |  1  2  3 |
---------------+----------+-----
Axes           | 2 |  2.7
Shields        | 3 |  3.0
Fighting       | |  3.0
Armour         | |  2.4

Action                   || total
-------------------------++-------
Melee: War axe           ||   126
Armor: Scale mail        ||    16
       Chain mail        ||    60
Dodge: Dodged            ||    37
       Deflected         ||     2
Block: Shield            ||    71
